 Dungeon Crawl Stone Soup version 0.28-a0-1152-g9c71ebef14 (webtiles) character file.

Game seed: 9387870858331309616

169 SensoryNuts the Slasher (level 5, -5/39 HPs)
             Began as a Demonspawn Gladiator on Dec 14, 2021.
             Killed by divine providence
             ... invoked by an orc priest
              (8 damage)
             ... on level 3 of the Dungeon.
             The game lasted 00:03:34 (2675 turns).

SensoryNuts the Slasher (Demonspawn Gladiator)      Turns: 2675, Time: 00:03:36

Health: -5/39      AC:  3    Str: 19    XL:     5   Next: 25%
Magic:  5/5        EV: 13    Int:  9    God:
Gold:   117        SH:  0    Dex: 16    Spells: 4/4 levels left

rFire   . . .      SeeInvis .   a - +0 long sword
rCold   + . .      Faith    .   (no shield)
rNeg    . . .      Spirit   .   b - +0 leather armour
rPois   .          Reflect  .   (helmet restricted)
rElec   .          Harm     .   (no cloak)
rCorr   .          Rampage  .   (no gloves)
Will    .....                   (no boots)
Stlth   ++........              (no amulet)
HPRegen 0.13/turn               (no ring)
MPRegen 0.09/turn               (no ring)

@: mighty, flying
A: horns 1, spiny 1, demonic magic 1, agile 1, cold resistance 1, strong 1
a: no special abilities


You were on level 3 of the Dungeon.
You visited 1 branch of the dungeon, and saw 3 of its levels.

You collected 117 gold pieces.

Inventory:

Hand Weapons
 a - a +0 long sword (weapon)
Missiles
 d - 3 throwing nets (quivered)
Armour
 b - a +0 leather armour (worn)
 c - a +0 helmet
Scrolls
 f - a scroll of fear {unknown}
 h - a scroll of identify {unknown}
 i - a scroll of acquirement {unknown}
 j - a scroll of fog {unknown}
 k - a scroll of amnesia {unknown}
 l - a scroll of noise {unknown}
 m - a scroll of teleportation {unknown}


   Skills:
 + Level 2.7 Fighting
 + Level 3.8 Long Blades
 + Level 1.7 Throwing
 + Level 1.8 Armour
 + Level 3.5 Dodging
 + Level 1.3 Stealth


You had 4 spell levels left.
You didn't know any spells.
Your spell library contained the following spells:

 Spells                   Type           Power      Damage    Failure   Level
 Sublimation of Blood     Necr           0%         N/A       58%         2
 Wereblood                Tmut           0%         N/A       58%         2
 Summon Hydra             Summ           0%         N/A       100%        7


Dungeon Overview and Level Annotations

Branches:
Dungeon (3/15)

Altars:

Shops:
D:1 :


Innate Abilities, Weirdness & Mutations

You have a pair of small horns on your head.
You are partially covered in sharp spines.
Spells you cast may paralyse adjacent enemies.
You are agile. (Dex +2)
Your flesh is cold resistant. (rC+)
Your muscles are strong. (Str +2)


Message History

You bump into the rock wall.
The orc wizard barely misses you. The orc is struck by your spines.
The orc misses you.
You bump into the rock wall.
You feel less confused.
The orc wizard mumbles some strange words.
The orc wizard flickers and vanishes!
Deactivating autopickup; reactivate with Ctrl-A.
The orc hits you with a +0 club.
You barely miss something. Something hits you. Space warps around you.
The orc hits you but does no damage. Something hits you.
* * * LOW HITPOINT WARNING * * *
Unknown command.
It was a potion of flight.
You feel very buoyant.
You fly up into the air.
You hit the orc but do no damage. You headbutt the orc, but do no damage.
The orc is severely wounded.
The orc is struck by your spines.
You kill the orc!
It was a potion of might.
You feel very mighty all of a sudden. Something hits you.
* * * LOW HITPOINT WARNING * * *
Space warps around you.
* * * LOW HITPOINT WARNING * * *
Unknown command.
Okay, then.
You slash the orc!
You kill the orc!
You hear some strange, mumbled words.
A magic dart appears from out of thin air!
The magic dart hits you.
* * * LOW HITPOINT WARNING * * *
Unknown command.
Okay, then.
Unknown command.
Found 24 arrows.
The orc priest mumbles some strange prayers to Beogh against you.
Beogh smites you!
You die...

#####...##.###.##
...........###..#
####...##......#
#.#.####.###.#######
..#.o.....# #........ #
#.#.####.###.#######
#.#.# #.....####### #
#o#######.........
#@.........#######
.........#######.##.....
......##.# #.##.####
.....# .# #.# ###.. .#
#.# #. .# .# # (# ..


You could see an orc priest and an orc.

Vanquished Creatures
  A scorpion (D:2)
  4 gnolls (D:2)
  An adder (D:2)
  A worm (D:3)
  2 dart slugs
  2 orcs (D:3)
  4 bats
  10 endoplasms
  3 giant cockroaches
  4 goblins
  4 hobgoblins
  3 quokkas
  A ball python (D:1)
  5 frilled lizards
  6 kobolds
  2 rats (D:1)
53 creatures vanquished.

Notes
Turn   | Place    | Note
-------+----------+-------------------------------------------
     0 | D:1      | SensoryNuts the Demonspawn Gladiator began the quest for
                  | the Orb.
     0 | D:1      | Reached XP level 1. HP: 16/16 MP: 1/1
   240 | D:1      | Gained mutation: You have a pair of small horns on your
                  | head. [demonic ancestry]
   240 | D:1      | Reached XP level 2. HP: 20/22 MP: 2/2
   817 | D:1      | Found Fyemyo Xecwo's Book Shop.
  1131 | D:1      | Gained mutation: Spells you cast may paralyse adjacent
                  | enemies. [demonic ancestry]
  1131 | D:1      | Reached XP level 3. HP: 27/27 MP: 3/3
  1500 | D:2      | Noticed a scorpion
  1503 | D:2      | Gained mutation: Your flesh is cold resistant. (rC+)
                  | [potion of mutation]
  1503 | D:2      | Gained mutation: Your muscles are strong. (Str +2) [potion
                  | of mutation]
  1503 | D:2      | Gained mutation: You are agile. (Dex +2) [potion of
                  | mutation]
  1509 | D:2      | Killed a scorpion
  1510 | D:2      | Reached skill level 1 in Armour
  1510 | D:2      | Reached XP level 4. HP: 34/34 MP: 4/4
  1917 | D:2      | Reached skill level 1 in Stealth
  2157 | D:2      | Gained mutation: You are partially covered in sharp spines.
                  | [demonic ancestry]
  2157 | D:2      | Reached XP level 5. HP: 21/39 MP: 5/5
  2509 | D:3      | Found a faded altar of an unknown god.
  2675 | D:3      | Killed from afar by an orc priest

Illustrated notes

Levels and vault maps discovered:
D:1:      dpeg_arrival_arbitrary_c, layout_loops_corners, serial_shops, shop
D:2:      layout_basic
D:3:      layout_loops_ring, nicolae_kikubaaqudgha_miasma_corner,
          nicolae_ecumenical_pavilion, serial_shops,
          nicolae_shop_advertising_works [nicolae_subvault_shop_adworks],
          uniq_jessica, uniq_robin, uniq_terence

Skill      XL: |  1  2  3  4 |
---------------+-------------+-----
Dodging        | 3 |  3.5
Long Blades    | 3 |  3.8
Armour         | 1 |  1.8
Stealth        | 1 |  1.3
Fighting       | |  2.7
Throwing       | |  1.7

Action                   |  1- 3 |  4- 6 || total
-------------------------+-------+-------++-------
Melee: Long sword        |    53 |    52 ||   105
       Headbutt          |     7 |    10 ||    17
  Use: Potion            |     4 |     2 ||     6
 Stab: Sleeping          |     3 |     2 ||     5
Armor: Leather armour    |     8 |    11 ||    19
       Skin              |     4 |       ||     4
Dodge: Dodged            |    33 |    40 ||    73

Table legend: (Time is in decaauts)
 A = Elapsed time spent in this place.
 B = Non-inter-level travel time spent in this place.
 C = Inter-level travel time spent in this place.
 D = Time resting spent in this place.
 E = Time spent auto-exploring this place.
 F = Levels seen in this place.
 G = Mean time per level.
                   A        B        C        D        E       F      G
               +--------+--------+--------+--------+--------+-----+--------+
         Total |   2699 |   2653 |     46 |      0 |   2224 |   3 |  899.7 |
       Dungeon |   2699 |   2653 |     46 |      0 |   2224 |   3 |  899.7 |
               +--------+--------+--------+--------+--------+-----+--------+

Top non-repeatable levels by time:
     D:1: 1478 daAuts
     D:2: 1051 daAuts
     D:3: 169 daAuts
